 Dungeon Crawl Stone Soup version 0.30-a0-715-gdb4ae3ece1 (webtiles) character file.

Game seed: 12463051924293038913

137 wormed the Trooper (level 5, -1/37 HPs)
             Began as an Octopode Chaos Knight on Jan 23, 2023.
             Was a Plaything of Xom.
             Killed by nerve-wracking pain
             ... invoked by an orc priest
              (11 damage)
             ... on level 3 of the Dungeon.
             The game lasted 00:03:18 (2281 turns).

wormed the Trooper (Octopode Chaos Knight)          Turns: 2281, Time: 00:03:19

Health: -1/37      AC:  1    Str: 17      XL:     5   Next: 20%
Magic:  0/7        EV: 13    Int: 17      God:    Xom [.*....]
Gold:   202        SH:  0    Dex:  9 (11) Spells: 6/7 levels left

rFire   . . .      SeeInvis .      - Unarmed
rCold   . . .      Faith    .    (no shield)
rNeg    . . .      Spirit   +    (helmet restricted)
rPois   .          Reflect  .    l - amulet of guardian spirit
rElec   .          Harm     .    b - +6 ring of strength
rCorr   .          Rampage  .    (no ring)
Will    .....                    (no ring)
Stlth   ++                       (no ring)
HPRegen 0.26/turn                (no ring)
MPRegen 0.10/turn                (no ring)
                                 (no ring)
                                 (no ring)

@: no status effects
A: almost no armour, amphibious, 8 rings, camouflage 1, gelatinous body 1,
(nimble swimmer 1), tentacles
a: Renounce Religion


You were on level 3 of the Dungeon.
You worshipped Xom.
You were a plaything of Xom.
You visited 1 branch of the dungeon, and saw 3 of its levels.

You collected 202 gold pieces.

Inventory:

Jewellery
 b - a +6 ring of strength (left tentacle)
 l - an amulet of guardian spirit (around mantle)
Scrolls
 d - a scroll of teleportation
 j - a scroll of torment
Potions
 e - 2 potions of attraction
 f - a potion of brilliance {unknown}
 g - a potion of lignification {unknown}
 k - 2 potions of ambrosia {unknown}
Miscellaneous
 a - a piece from Xom's chessboard (15/15) (quivered)


   Skills:
 + Level 3.8 Fighting
 + Level 3.2 Dodging
 + Level 3.8 Unarmed Combat
 + Level 1.8 Spellcasting
 + Level 0.8 Summonings


You had 6 spell levels left.
You knew the following spells:

 Your Spells              Type           Power      Damage    Failure   Level
a - Summon Small Mammal   Summ           16%        N/A       14%         1

Your spell library contained the following spells:

 Spells                   Type           Power      Damage    Failure   Level
 Apportation              Tloc           2%         N/A       21%         1
 Necrotise                Necr           4%         1d4       21%         1
 Sandblast                Erth           2%         2d4       21%         1
 Passwall                 Tmut/Erth      0%         N/A       30%         2
 Stone Arrow              Conj/Erth      2%         3d7       52%         3


Dungeon Overview and Level Annotations

Branches:
Dungeon (3/15)

Altars:
Ru


Innate Abilities, Weirdness & Mutations

You cannot wear most types of armour.
You are amphibious.
You can wear up to eight rings at the same time.
Your skin changes colour to match your surroundings (Stealth+).
Your rubbery body absorbs attacks. (AC +1, EV +1)
((You are camouflaged when in or above water. (Stealth+)))
You have tentacles for arms and can constrict up to eight enemies at once.


Message History

You tentacle-slap the orc but do no damage.
Your grab misses the orc. Your squeeze misses the orc.
The orc is heavily wounded.
Your bat closely misses the orc.
The orc hits your bat with a +0 flail!
Your bat dies!
Your bat's corpse disappears in a puff of smoke!
The orc misses you. The orc attacks as you move away!
The orc hits you with a +0 hand axe.
The orc priest mumbles some strange prayers to Beogh against you.
Beogh smites you!
The orc priest invokes the aid of Beogh against you.
Beogh smites you!
* * * LOW HITPOINT WARNING * * *
The orc attacks as you move away! The orc barely misses you.
You tentacle-slap the orc. Your grab misses the orc.
The orc is almost dead.
The orc barely misses you.
You bludgeon the orc!
You kill the orc!
You closely miss the orc. You grab the orc. You constrict the orc.
The orc misses you.
You tentacle-slap the orc.
The orc is almost dead.
You constrict the orc.
You kill the orc!
You feel better.
The orc priest looks satisfied for a moment.
The orc priest misses you.
Items here: )) [ †.
You tentacle-slap the orc priest but do no damage.
Your grab misses the orc priest.
The orc priest hits you with a +0 flail!
* * * LOW HITPOINT WARNING * * *
You emit a cloud of colourful smoke!
You tentacle-slap the orc priest. Your grab misses the orc priest.
You squeeze the orc priest, but do no damage.
The orc priest is moderately wounded.
The orc priest mumbles some strange prayers to Beogh against you.
Pain shoots through your body!
You die...

.# .# #.# ## .## .####
#####.# .. .. ....#
#.....# $###.# .##.#
#.##### # # o...# .##.#
#.# #.####.o. #.# #.#
.......o## #§# #.#
#........# #§# #.#
........########@# #.#
.............§§o§# #.#
......†...######## #.#
.......##.# #.#
.###.#.##.# #.#
.......##.#############.#
.###.####...............#
.. .. #################
.###


You could see an orc priest.

Vanquished Creatures
  An orc priest (D:3)
  2 adders
  2 worms
  6 orcs (D:3)
  5 endoplasms
  2 giant cockroaches (D:1)
  5 goblins
  8 hobgoblins
  4 jackals (D:1)
  10 kobolds
  2 quokkas (D:1)
  7 ball pythons
  9 bats
  3 frilled lizards
  4 rats
70 creatures vanquished.

Notes
Turn   | Place    | Note
-------+----------+-------------------------------------------
     0 | D:1      | wormed the Octopode Chaos Knight began the quest for the
                  | Orb.
     0 | D:1      | Reached XP level 1. HP: 16/16 MP: 1/1
    46 | D:1      | Reached XP level 2. HP: 11/21 MP: 2/2
    87 | D:1      | XOM: 5-stop teleportation journey
   263 | D:1      | XOM: noise
   283 | D:1      | Learned a level 1 spell: Summon Small Mammal
   319 | D:1      | Reached XP level 3. HP: 21/26 MP: 4/4
   327 | D:1      | Reached skill level 1 in Spellcasting
   465 | D:1      | XOM is BORED!
   762 | D:2      | XOM: enchant monster (good)
   877 | D:2      | XOM: polymorph endoplasm -> adder
   884 | D:2      | Reached XP level 4. HP: 28/31 MP: 4/6
  1194 | D:2      | XOM: 9-stop teleportation journey
  1839 | D:3      | XOM: 7-stop teleportation journey
  1858 | D:3      | XOM: enchant monster (bad)
  1859 | D:3      | XOM: silly message
  1867 | D:3      | XOM: noise
  1875 | D:3      | Reached XP level 5. HP: 9/37 MP: 1/7
  1951 | D:3      | XOM: summons 3 hostile demons
  2171 | D:3      | Found a sacrificial altar of Ru.
  2280 | D:3      | XOM: smoke on damage
  2281 | D:3      | Killed from afar by an orc priest

Illustrated notes

Levels and vault maps discovered:
D:1:      lightli_arrival_chessboard, layout_basic
D:2:      layout_basic, serial_rivers, chequers_serial_rivers_micro_e,
          chequers_serial_rivers_small_3, chequers_serial_rivers_small_3,
          chequers_serial_rivers_marsh, chequers_serial_rivers_micro_c
D:3:      layout_loops_ring, nicolae_ru_path_of_blood,
          grunt_temple_overflow_diamond

Skill      XL: |  1  2  3 |
---------------+----------+-----
Spellcasting   | 1 |  1.8
Dodging        | 3 |  3.2
Fighting       | |  3.8
Unarmed Combat | |  3.8
Summonings     | |  0.8

Action                     |  1- 3 |  4- 6 || total
---------------------------+-------+-------++-------
  Melee: Unarmed           |    82 |    75 ||   157
         Constrict         |    25 |    21 ||    46
         Tentacles         |    15 |    16 ||    31
         Punch             |     5 |     6 ||    11
   Cast: Summon Small Mamm |       |     1 ||     1
    Use: Scroll            |       |     7 ||     7
         Potion            |       |     2 ||     2
   Stab: Sleeping          |     3 |     4 ||     7
 Armour: Skin              |    12 |     7 ||    19
  Dodge: Dodged            |    61 |    62 ||   123

Table legend: (Time is in decaauts)
 A = Elapsed time spent in this place.
 B = Non-inter-level travel time spent in this place.
 C = Inter-level travel time spent in this place.
 D = Time resting spent in this place.
 E = Time spent auto-exploring this place.
 F = Levels seen in this place.
 G = Mean time per level.
                   A        B        C        D        E       F      G
               +--------+--------+--------+--------+--------+-----+--------+
         Total |   2269 |   2205 |     64 |      0 |   1750 |   3 |  756.3 |
       Dungeon |   2269 |   2205 |     64 |      0 |   1750 |   3 |  756.3 |
               +--------+--------+--------+--------+--------+-----+--------+

Top non-repeatable levels by time:
     D:2: 976 daAuts
     D:1: 698 daAuts
     D:3: 595 daAuts
